 Dungeon Crawl Stone Soup version 0.29.1-15-g9cfb28693d (webtiles) character file.

Game seed: 13227578406133320620

18 tmry the Grasshopper (level 2, 0/25 HPs)
             Began as a Ghoul Warper on Dec 1, 2023.
             Slain by a quokka (3 damage)
             ... on level 1 of the Dungeon.
             The game lasted 00:02:34 (335 turns).

tmry the Grasshopper (Ghoul Warper)                  Turns: 335, Time: 00:02:34

Health: 0/25       AC:  3    Str: 14    XL:     2   Next: 66%
Magic:  3/3        EV: 11    Int:  8    God:
Gold:   52         SH:  0    Dex:  8    Spells: 4/4 levels left

rFire   . . .      SeeInvis .   a - +0 falchion
rCold   + . .      Faith    .   (no shield)
rNeg    + + +      Spirit   .   b - +0 leather armour
rPois   ∞          Reflect  .   (no helmet)
rElec   .          Harm     .   (no cloak)
rCorr   .          Rampage  .   (no gloves)
Will    .....                   (no boots)
Stlth   +.........              (no amulet)
HPRegen 0.00/turn               (no ring)
MPRegen 0.08/turn               (no ring)

@: inhibited regen
A: claws 1, cold resistance 1, negative energy resistance 3, inhibited
regeneration, torment resistance 2, devour on kill
a: no special abilities


You were on level 1 of the Dungeon.
You visited 1 branch of the dungeon, and saw 1 of its levels.

You collected 52 gold pieces.

Inventory:

Hand Weapons
 a - a +0 falchion (weapon)
Missiles
 d - 7 boomerangs of dispersal (quivered)
Armour
 b - a +0 leather armour (worn)
Scrolls
 c - a scroll of blinking
Potions
 e - a potion of haste {unknown}
 f - a potion of lignification {unknown}


   Skills:
 + Level 2.8 Fighting
 + Level 1.9 Long Blades
 + Level 0.8 Throwing
 + Level 0.9 Armour
 + Level 2.0 Dodging
 + Level 1.7 Spellcasting
 + Level 2.9 Translocations


You had 4 spell levels left.
You didn't know any spells.
Your spell library contained the following spells:

 Spells                   Type           Power      Damage    Failure   Level
 Blink                    Tloc           10%        N/A       21%         2
 Gell's Gravitas          Tloc           5%         N/A       38%         3
 Lesser Beckoning         Tloc           5%         N/A       38%         3
 Teleport Other           Tloc           5%         N/A       38%         3
 Manifold Assault         Tloc           5%         N/A       98%         5


Dungeon Overview and Level Annotations

Branches:
Dungeon (1/15)

Altars:


Innate Abilities, Weirdness & Mutations

You are immune to poison.
You have sharp fingernails.
Your flesh is cold resistant. (rC+)
You are immune to negative energy. (rN+++)
You do not regenerate when monsters are visible.
You are immune to unholy pain and torment.
You thrive by killing the living.


Message History

You hit the hobgoblin.
You kill the hobgoblin!
The giant cockroach bites you but does no damage.
The quokka bites you. The giant cockroach barely misses you.
The giant cockroach closely misses you.
Your Dodging skill increases to level 2!
The giant cockroach bites you.
The quokka bites you but does no damage.
The giant cockroach closely misses you. The giant cockroach barely misses you.
The quokka misses you.
Found 7 stones and a scroll labelled QUSIURE ESIDI.
The giant cockroach misses you. The quokka barely misses you.
The quokka attacks as you move away! The quokka bites you.
The giant cockroach bites you.
* * * LOW HITPOINT WARNING * * *
The giant cockroach bites you but does no damage.
You hit the giant cockroach.
The giant cockroach is severely wounded.
The giant cockroach bites you but does no damage. x2
The quokka closely misses you.
The giant cockroach bites you but does no damage.
The quokka bites you but does no damage.
The giant cockroach bites you.
* * * LOW HITPOINT WARNING * * *
The quokka misses you.
You closely miss the giant cockroach.
The giant cockroach is severely wounded.
The quokka bites you but does no damage.
The giant cockroach barely misses you.
You hit the giant cockroach but do no damage.
The giant cockroach is severely wounded.
The quokka bites you.
* * * LOW HITPOINT WARNING * * *
The giant cockroach completely misses you.
You hit the giant cockroach.
You kill the giant cockroach!
You feel better.
The quokka bites you but does no damage.
The quokka bites you.
You die...

#. #.#
........##.###.#
.8...?.8(##...#.#
.........##...#.####.#
...>.....##..........#
.........##..#...#####
.........##. #...#
?........## .##.##
.8.....8@# ..##.#
.......rB##..##.##
$............##..#
#.?...>).....###.#
#.#......#.### #.#
#...####..## #.# #..#
#..# #.# #.. #..# #.#
.. #..# #.#


You could see a quokka and a giant cockroach.

Vanquished Creatures
  2 dart slugs (D:1)
  A bat (D:1)
  A giant cockroach (D:1)
  2 goblins (D:1)
  2 hobgoblins (D:1)
  2 ball pythons (D:1)
  2 frilled lizards (D:1)
  2 kobolds (D:1)
  A rat (D:1)
15 creatures vanquished.

Notes
Turn   | Place    | Note
-------+----------+-------------------------------------------
     0 | D:1      | tmry the Ghoul Warper began the quest for the Orb.
     0 | D:1      | Reached XP level 1. HP: 17/17 MP: 2/2
   234 | D:1      | Reached XP level 2. HP: 10/25 MP: 3/3
   334 | D:1      | HP: 1/25 [quokka (4)]
   335 | D:1      | Slain by a quokka

Illustrated notes

Levels and vault maps discovered:
D:1:      noname_arrival_rooms_in_the_neighbourhood, layout_loops_ring,
          serial_shops, shop, st_stairs_1, minmay_misc_feat_five,
          grunt_decor_arrowhead, hangedman_decor_diamond_cutter

Skill      XL: |  1  2 |
---------------+-------+-----
Dodging        | 2 |  2.0
Fighting       | |  2.8
Long Blades    | |  1.9
Throwing       | |  0.8
Armour         | |  0.9
Spellcasting   | |  1.7
Translocations | |  2.9

Action                   || total
-------------------------++-------
Melee: Falchion          ||    46
       Punch             ||     1
Armor: Leather armour    ||    28
Dodge: Dodged            ||    48
